[Event "*** Titled Tuesday Blitz"]
[Site "Chess.com"]
[Date "2021.04.27"]
[Round "1"]
[White "TigrVShlyape"]
[Black "The_Machine04"]
[Result "1-0"]
[WhiteElo "2836"]
[BlackElo "2432"]
[TimeControl "180+1"]
[EndTime "10:07:41 PDT"]
[Termination "TigrVShlyape won by resignation"]

1. e4 d6 2. d4 Nf6 3. Nc3 e5 4. Nf3 Nbd7 5. Bc4 Be7 6. O-O c6 7. a4 h6 8. a5 Qc7 9. Re1 Nf8 10. Nh4 g6 11. Nf3 g5 12. d5 Ng6 13. a6 b5 14. Bb3 Bd7 15. dxc6 Bxc6 16. Nd5 Nxd5 17. Bxd5 O-O 18. c3 Rab8 19. Be3 Kg7 20. Qd3 g4 21. Nd2 Bg5 22. g3 Bxe3 23. Rxe3 Bd7 24. Ree1 f5 25. exf5 Bxf5 26. Be4 Qd7 27. Rad1 Rbd8 28. Bxf5 Qxf5 29. Qxf5 Rxf5 30. Ne4 d5 31. Nc5 Rf6 32.
Rd3 Rc6 33. b4 Kf6 34. Kg2 h5 35. h3 Kf5 36. hxg4+ hxg4 37. f3 gxf3+ 38. Rxf3+ Kg4 39. Rf7 d4 40. Rd1 Rcd6 41. Ne4 Rc6 42. Nf2+ Kg5 43. Ne4+ Kg4 44. Rxa7 dxc3 45. Nf2+ Kg5 46. Rxd8 c2 47. Nd3 c1=Q 48. Nxc1 Rxc1 49. Rg7 Rc2+ 50. Kf3 Kf6 51. Rxg6+ Kxg6 52. a7 Kf5 53. a8=Q Rc3+ 1-0

[Event "*** Titled Tuesday Blitz"]
[Site "Chess.com"]
[Date "2021.04.27"]
[Round "1"]
[White "Legendinunknown"]
[Black "kubal123"]
[Result "1-0"]
[WhiteElo "2593"]
[BlackElo "2261"]
[TimeControl "180+1"]
[EndTime "10:07:41 PDT"]
[Termination "Legendinunknown won on time"]

1. d4 Nf6 2. c4 g6 3. Nc3 Bg7 4.
e4 O-O 5. h3 d6 6. Be3 e5 7. d5 Nbd7 8. g4 Nc5 9. Qc2 a5 10.
Nge2 Kh8 11. Ng3 b6 12. O-O-O Ng8 13. Be2 Bh6 14. Bxh6 Nxh6 15. Qd2 Ng8 16. h4 f5 17.
gxf5 gxf5 18. exf5 Bxf5 19. Nxf5 Rxf5 20. Qe3 Qf6 21.
Rh2 Rf8 22. f3 Rf4 23. h5 Nh6 24. Ne4 Nxe4 25. fxe4 Rg8 26. Kb1 Ng4 27. Bxg4 Rgxg4 28. Qb3 Rxe4 29. Qb5 Qf7 30. c5 dxc5 31. d6 cxd6 32. Qxb6 Rd4 33. Rc1 h6 34. Qxa5 Ra4 35. Qd8+ Rg8 36.
Qxd6 Qxa2+ 37. Kc2 Qc4+ 38. Kb1 Qe4+ 39. Rhc2 Qf4 40. Rxc5 Raa8 41. Qxe5+ Qxe5 42. Rxe5 Rg5 43. Re6 Kh7 44. Rc7+ Rg7 45. Rcc6 1-0

[Event "*** Titled Tuesday Blitz"]
[Site "Chess.com"]
[Date "2021.04.27"]
[Round "1"]
[White "ErikBlomqvist"]
[Black "Agoking701"]
[Result "1-0"]
[WhiteElo "2590"]
[BlackElo "2256"]
[TimeControl "180+1"]
[EndTime "10:07:41 PDT"]
[Termination "ErikBlomqvist won on time"]

1. e4 c6 2. d4 d5 3. exd5 cxd5 4. Bd3 Nc6 5. c3 g6 6. Nf3 Bf5 7. Be2 Nf6 8. O-O e6 9. Nbd2 Bd6 10. h3 O-O 11.
Nb3 Qc7 12. Bh6 Rfe8 13. Re1 Bf4 14. Bxf4 Qxf4 15. Nc5 b6 16. Nd3 Bxd3 17. Bxd3 Rac8 18. Qe2 Kg7 19. g3 Qd6 20. Rad1 Re7 21. Kg2 Rce8 22.
Ne5 Nd7 23. Bb5 Ndxe5 24. dxe5 Qc7 25. Qe3 Rc8 26. h4 h5 27. Qg5 Rd7 28. Re3 d4 29. cxd4 Rxd4 30. Rc1 Qb7 31. Rf3 Kg8 32. Qf6 Nd8 33. Rxc8 Qxc8 34. Bd3 Qd7 35. Bxg6 fxg6 36. Qxg6+ Qg7 37. Qe8+ Kh7 38. Qxh5+ Kg8 39. Rf6 Rg4 40. Qe8+ Kh7 41. Qxd8 Re4 42. Qd3 1-0

[Event "*** Titled Tuesday Blitz"]
[Site "Chess.com"]
[Date "2021.04.27"]
[Round "1"]
[White "rpragchess"]
[Black "Superfelix"]
[Result "0-1"]
[WhiteElo "2888"]
[BlackElo "2474"]
[TimeControl "180+1"]
[EndTime "10:07:42 PDT"]
[Termination "Superfelix won on time"]

1. d4 g6 2. Nf3 Bg7 3. e4 c6 4. h3 d5 5. exd5 cxd5 6. Bd3 Nc6 7. c3 Nf6 8. Bf4 Bf5 9. Bxf5 gxf5 10. Ne5 e6 11.
Nd3 Ne4 12. O-O h5 13. Nd2 h4 14. Rc1 Bf6 15. b4 Ne7 16. Nf3 Rc8 17. Nc5 b6 18. Qa4+ Nc6 19. Nd3 Qd7 20. b5 Na5 21. Nde5 Qe7 22. c4 dxc4 23. Nxc4 Nxc4 24. Rxc4 Rxc4 25. Qxc4 O-O 26. Rc1 Rd8 27. Qb3 Qd7 28. Rc7 Qd5 29. Qxd5 Rxd5 30. a4 Bxd4 31. Nxd4 Rxd4 32. Rxa7 Rd1+ 33.
Kh2 Nxf2 34. g3 Nd3 35. Be3 Re1 36. Bxb6 Re2+ 37. Kg1 hxg3 38. Bc7 f4 39. b6 Ne1 40. Kf1 g2+ 41. Kxe2 g1=Q 42. b7 f3+ 43. Kd2 Qf2+ 44.
Kd1 Qe2+ 0-1

[Event "*** Titled Tuesday Blitz"]
[Site "Chess.com"]
[Date "2021.04.27"]
[Round "1"]
[White "chessdiamant"]
[Black "vovachesss"]
[Result "0-1"]
[WhiteElo "2301"]
[BlackElo "2633"]
[TimeControl "180+1"]
[EndTime "10:07:42 PDT"]
[Termination "vovachesss won on time"]

1. e4 c6 2. d4 d5 3. exd5 cxd5 4.
Bf4 Nf6 5. c3 Nc6 6. Nd2 Bg4 7.
Ngf3 e6 8. Qb3 Qc8 9. h3 Bh5 10. g4 Bg6 11. Nh4 Be7 12. Nxg6 hxg6 13. f3 a6 14. Kf2 b5 15. Bd3 Na5 16. Qc2 Nc4 17.
b3 Bd6 18. Nxc4 Bxf4 19. Nb6 Qb7 20. Nxa8 Qxa8 21. a4 Qb7 22. axb5 axb5 23. Ra5 b4 24. Rb5 Qc7 25. Rxb4 O-O 26. Ra4 Bg3+ 27. Kf1 Qf4 28. Be2 Qe3 29. Bd1 Rc8 30. Ra2 Rxc3 31. Qe2 Qxd4 32. Rd2 Qc5 33. Kg2 Bf4 34. Rc2 d4 35. Rxc3 dxc3 36. Bc2 Nd5 37. Ra1 Bc7 38. Ra8+ Kh7 39.
Qe4 Nf4+ 40. Kh1 Qf2 0-1

[Event "*** Titled Tuesday Blitz"]
[Site "Chess.com"]
[Date "2021.04.27"]
[Round "1"]
[White "mr65"]
[Black "GP9isback23"]
[Result "0-1"]
[WhiteElo "2173"]
[BlackElo "2526"]
[TimeControl "180+1"]
[EndTime "10:07:43 PDT"]
[Termination "GP9isback23 won on time"]

1. e4 c5 2. Nf3 e6 3. d4 cxd4 4. Nxd4 Nf6 5. Nc3 Nc6 6. a3 a6 7. g3 Bc5 8. Be3 Qb6 9. Na4 Qa5+ 10. b4 Qxa4 11. bxc5 Nxe4 12. Bg2 Qa5+ 13. Kf1 Nc3 14.
Qd2 Nb5 15. Qxa5 Nxa5 16. Nxb5 axb5 17. Ke2 Nc4 18. Rhb1 Ra5 19. Kd3 Ke7 20. Bd4 f6 21. a4 d5 22. axb5 Rxa1 23. Rxa1 Bd7 24. b6 Bc6 25. Ra7 e5 26. Bc3 Rd8 27. Bb4 Ke6 28. Kc3 g6 29. h4 h5 30. Bf1 Rd7 31. Bxc4 dxc4 32. Kxc4 Bd5+ 33. Kc3 Bc6 34. Kb3 Kf5 35. c4 Kg4 36. Bd2 Kf3 37. Be3 f5 38. Kc3 f4 39. gxf4 exf4 40. Bd4 Kg4 41. Ra8 Kxh4 42. Rc8 g5 43. Be5 Be4 44. Bc7 Re7 45. Rg8 Rf7 46. Bd8 Rf5 0-1

[Event "*** Titled Tuesday Blitz"]
[Site "Chess.com"]
[Date "2021.04.27"]
[Round "1"]
[White "EvilMorty23"]
[Black "SPEEDSKATER"]
[Result "0-1"]
[WhiteElo "2417"]
[BlackElo "2789"]
[TimeControl "180+1"]
[EndTime "10:07:44 PDT"]
[Termination "SPEEDSKATER won by resignation"]

1. e4 e6 2. d4 d5 3. Nd2 c5 4. Ngf3 cxd4 5. exd5 Qxd5 6. Bc4 Qd6 7. O-O Nf6 8. Nb3 Nc6 9. Nbxd4 Nxd4 10. Nxd4 a6 11.
Re1 Qc7 12. Bf1 Be7 13. g3 O-O 14. Bf4 Qb6 15. Nb3 Bd7 16. Bg2 Bc6 17. Be3 Qc7 18. Bf4 Qb6 19. Be3 Qc7 20. Bf4 Qc8 21. Qe2 Bxg2 22. Kxg2 Qc6+ 23. f3 Rac8 24. c3 h6 25. Nd4 Qb6 26. Be3 Qc7 27. Bf4 Qb6 28. Be3 Nd5 29.
Bf2 Bc5 30. Rad1 Rfd8 31. Qe5 Qc7 32. Qe4 Nf6 33. Qe2 b5 34. g4 Kh8 35. h4 Nd5 36. Qe4 Nf4+ 37. Kh1 Nd5 38. Kg2 b4 39.
Bg3 Bd6 40. Bxd6 Qxd6 41. Ne2 bxc3 42. Nxc3 Nxc3 43. Rxd6 Nxe4 44. Rxd8+ Rxd8 45. Rxe4 Rd2+ 46. Kg3 Rxb2 47. Ra4 Rb6 48. Kf4 g6 49. Ke5 Kg7 50. g5 hxg5 51. hxg5 Rb5+ 52. Kf4 a5 53. a3 Kf8 54. Kg4 Ke7 55. f4 Kd6 56. Rd4+ Rd5 57. Rc4 Rc5 58. Rd4+ Kc6 59. Rd8 Kb5 60. Rd7 Rf5 61.
Rd4 Rd5 62. a4+ Kc5 63. Re4 Rd4 64. Re5+ Kb4 65. Rb5+ Kxa4 66. Rb7 e5 67. Rxf7 Kb3 68. Kg3 Rxf4 69. Rb7+ Rb4 70. Rb6 Rxb6 71. Kg4 0-1

[Event "*** Titled Tuesday Blitz"]
[Site "Chess.com"]
[Date "2021.04.27"]
[Round "1"]
[White "suyu28"]
[Black "playablecharacter"]
[Result "1-0"]
[WhiteElo "2629"]
[BlackElo "2298"]
[TimeControl "180+1"]
[EndTime "10:07:44 PDT"]
[Termination "suyu28 won by checkmate"]

1. e4 c6 2. d4 d5 3. f3 Nf6 4. e5 Nfd7 5. f4 c5 6. Nf3 Nc6 7. c3 e6 8. Bd3 Be7 9. Be3 f5 10. exf6 Bxf6 11. dxc5 O-O 12. O-O a5 13. Nbd2 Qe7 14. Nb3 a4 15. Nbd4 Nxc5 16. Bc2 Bd7 17. Re1 a3 18. b4 Ne4 19. Bxe4 dxe4 20. Nxc6 Bxc6 21. Bc5 Qf7 22. Nd4 Rfd8 23. Qg4 Bxd4+ 24. Bxd4 Rd7 25. Re3 Qf5 26. Qh4 Rf8 27. Rf1 Bb5 28.
g4 Qf7 29. Rf2 Bc4 30. h3 Bd5 31. Kh2 Qe7 32. Qxe7 Rxe7 33. Bc5 Rff7 34. Bxe7 Rxe7 35. Rd2 Rd7 36. c4 Bc6 37. Rxd7 Bxd7 38. b5 Kf7 39. Rxe4 Ke7 40. Rd4 b6 41. Kg3 h6 42. Kf3 Bc8 43.
Ke4 Kf6 44. Rd8 Bb7+ 45. Kd4 Bg2 46. h4 Bf3 47. c5 bxc5+ 48. Kxc5 Bxg4 49. Rd3 Bf5 50. Re3 Bb1 51. b6 Bxa2 52. b7 Bd5 53. b8=Q a2 54.
Qe5+ Kf7 55. Rg3 g6 56. h5 Be4 57. Kd6 g5 58. fxg5 Bf5 59. g6+ Ke8 60. Qh8# 1-0

[Event "*** Titled Tuesday Blitz"]
[Site "Chess.com"]
[Date "2021.04.27"]
[Round "1"]
[White "Joshukid"]
[Black "GoValya"]
[Result "1-0"]
[WhiteElo "2616"]
[BlackElo "2289"]
[TimeControl "180+1"]
[EndTime "10:07:46 PDT"]
[Termination "Joshukid won by resignation"]

1. Nf3 e6 2. d4 d5 3. Bf4 c5 4. e3 Nf6 5. c3 Nc6 6. Nbd2 Bd6 7. Bg3 O-O 8. Bd3 Re8 9. Ne5 Bxe5 10. dxe5 Nd7 11. f4 f5 12. exf6 Nxf6 13. Nf3 Nh5 14. Ng5 Nf6 15. O-O e5 16. fxe5 Nxe5 17. Nxh7 Nfg4 18. Bxe5 Rxe5 19. Rf8+ Qxf8 20. Nxf8 Kxf8 21. Qf3+ Kg8 22. e4 d4 23. cxd4 cxd4 24.
Bc4+ Kh7 25. Rd1 Nf6 26. Rxd4 Bg4 27. Qg3 Rae8 28. h3 Bh5 29. Kh2 Nxe4 30. Bd3 Bg6 31. Qh4+ Kg8 32. Rd8 Rxd8 33. Qxd8+ Kh7 34. Qc7 Rc5 35.
Qxb7 Nd6 36. Bxg6+ Kxg6 37. Qxa7 Rc2 38. Qa6 Rd2 39. b4 Kf5 40. Qa5+ Ke4 41. b5 Nc4 42. Qb4 Kd5 43. b6 Rb2 44. Qxb2 Nxb2 45. b7 Nd3 46. b8=Q 1-0

[Event "*** Titled Tuesday Blitz"]
[Site "Chess.com"]
[Date "2021.04.27"]
[Round "1"]
[White "Sam_ChessMood"]
[Black "MichailovM"]
[Result "1-0"]
[WhiteElo "2894"]
[BlackElo "2451"]
[TimeControl "180+1"]
[EndTime "10:07:47 PDT"]
[Termination "Sam_ChessMood won by resignation"]

1. d4 Nf6 2. c4 g6 3. Nc3 Bg7 4.
g3 d6 5. Bg2 O-O 6. e3 c5 7. Nge2 Nc6 8. O-O a6 9. h3 Rb8 10. b3 Bd7 11. d5 Na5 12. Qd3 b5 13.
Bd2 Qc7 14. Rfc1 bxc4 15. bxc4 Rb2 16. Nd1 Rxd2 17. Qxd2 Bf5 18. g4 Bd7 19. Rab1 h5 20.
g5 Nh7 21. h4 Re8 22. Nf4 Nf8 23. Nb2 Bf5 24. Nbd3 e5 25. dxe6 Nxe6 26. Nxe6 Bxe6 27.
Nf4 Bxc4 28. Nd5 Bxd5 29. Bxd5 c4 30. Qc2 Qc5 31. Bxc4 Re7 32. Rb8+ Kh7 33. Bf1 f6 34. Qxc5 dxc5 35. Rxc5 Nb7 36. Rcc8 fxg5 37. hxg5 Nd6 38. Rc6 Nf5 39. Bd3 Nh4 40. Rbb6 Rd7 41. Bxg6+ Kg8 42.
Rc8+ Bf8 43. Be4 Rd1+ 44. Kh2 Rd2 45. Kg3 1-0

[Event "*** Titled Tuesday Blitz"]
[Site "Chess.com"]
[Date "2021.04.27"]
[Round "1"]
[White "Dyadya81"]
[Black "masteryoungK"]
[Result "0-1"]
[WhiteElo "2708"]
[BlackElo "2421"]
[TimeControl "180+1"]
[EndTime "10:07:49 PDT"]
[Termination "masteryoungK won on time"]

1. e4 c5 2. Nc3 Nc6 3. Bb5 Nd4 4.
Bc4 e6 5. Nge2 Nc6 6. O-O a6 7. a4 Nf6 8. d4 cxd4 9. Nxd4 Qc7 10. Nxc6 Qxc6 11. Qe2 Bc5 12. e5 Ng8 13. Ne4 Ne7 14. Be3 Qxe4 15. Bxc5 Qxe2 16. Bxe2 f6 17. f4 a5 18. Ra3 Nc6 19. Bd6 b6 20. Rg3 Kf7 21. f5 exf5 22. Bc4+ Ke8 23. exf6 gxf6 24. Rxf5 Ba6 25.
Bxa6 Rxa6 26. Rxf6 Nd4 27. Re3+ Ne6 28. g3 Ra8 29. c3 Rc8 30. b3 Rg8 31. c4 Rg6 32. Rxg6 hxg6 33. Re4 Kf7 34. Bf4 Nc5 35. Re3 Kf6 36.
Kg2 g5 37. Be5+ Kf5 38. h3 Ne4 39. Bd4 Nc5 40. Re5+ Kg6 41. Bxc5 bxc5 42. Rd5 Rb8 43. Rxc5 Rxb3 44. Rxa5 Rc3 0-1

[Event "*** Titled Tuesday Blitz"]
[Site "Chess.com"]
[Date "2021.04.27"]
[Round "1"]
[White "SergioGarciaFuentes"]
[Black "mbojan"]
[Result "1-0"]
[WhiteElo "2346"]
[BlackElo "2648"]
[TimeControl "180+1"]
[EndTime "10:07:49 PDT"]
[Termination "SergioGarciaFuentes won by checkmate"]

1. Nf3 g6 2. g3 Bg7 3. d4 d6 4. Bg2 Nf6 5. O-O O-O 6. b3 Nc6 7. Bb2 e5 8. dxe5 Ng4 9. Qc1 Ncxe5 10.
Nxe5 dxe5 11. Nc3 c6 12. Rd1 Qe7 13. Ba3 c5 14. Nd5 Qd6 15. b4 b6 16. bxc5 bxc5 17.
h3 Nh6 18. Ne3 Qa6 19. Bxa8 Bxh3 20. Bg2 Bxg2 21. Nxg2 Qxe2 22. Qe3 Qxc2 23. Bxc5 Ng4 24. Bxf8 Nxe3 25. Nxe3 Qa4 26. Bxg7 Kxg7 27. Rd2 h5 28. Rad1 h4 29. gxh4 Qxh4 30. Ng2 Qc4 31. Rd7 Qxa2 32. Rb7 Kh6 33. Rdd7 f5 34. Rxa7 Qb1+ 35. Kh2 Qb2 36. Rd6 Qxf2 37. Raa6 f4 38. Rxg6+ Kh7 39. Rh6+ Kg7 40.
Rag6+ Kf7 41. Rf6+ Ke7 42. Re6+ Kd7 43. Rd6+ Kc7 44.
Rdg6 Qa2 45. Rg7+ Kd8 46. Rh8+ Qg8 47. Rhxg8# 1-0

[Event "*** Titled Tuesday Blitz"]
[Site "Chess.com"]
[Date "2021.04.27"]
[Round "1"]
[White "Twitch_ElhamBlitz05"]
[Black "atwalcb"]
[Result "1-0"]
[WhiteElo "2852"]
[BlackElo "2439"]
[TimeControl "180+1"]
[EndTime "10:07:50 PDT"]
[Termination "Twitch_ElhamBlitz05 won by resignation"]

1. e4 e5 2. Nc3 Nc6 3. Bc4 Nf6 4.
d3 Na5 5. Qf3 Nxc4 6. dxc4 Bc5 7. h3 h6 8. Nge2 d6 9. b3 Be6 10.
O-O Qd7 11. Be3 Bxe3 12. Qxe3 g5 13. Rad1 Nh5 14. Nd5 Bxd5 15. exd5 Nf4 16. Nc3 O-O 17. c5 f5 18. Rfe1 Ng6 19. Ne2 Kh7 20. Qc3 Rae8 21. Qc4 f4 22. f3 e4 23. fxe4 f3 24. gxf3 Qxh3 25. Nd4 Ne5 26. Qf1 Qg3+ 27. Qg2 Nxf3+ 28. Nxf3 Rxf3 29. cxd6 cxd6 30. Qxg3 Rxg3+ 31. Kf2 Rc3 32.
Rd2 Re5 33. Re3 Rc7 34. c4 Kg6 35. Ke2 g4 36. Kd3 Rf7 37. Kd4 b6 38. b4 Rc7 39.
Rc2 h5 40. c5 bxc5+ 41. bxc5 Re8 42. e5 dxe5+ 43. Rxe5 Rxe5 44. Kxe5 Kg5 45. d6 Rf7 46. c6 g3 47. c7 Rf8 48. c8=Q Rxc8 49. Rxc8 1-0

[Event "*** Titled Tuesday Blitz"]
[Site "Chess.com"]
[Date "2021.04.27"]
[Round "1"]
[White "Kapibara_Warri0r"]
[Black "Ajedrez_con_German"]
[Result "0-1"]
[WhiteElo "2196"]
[BlackElo "2533"]
[TimeControl "180+1"]
[EndTime "10:07:51 PDT"]
[Termination "Ajedrez_con_German won by resignation"]

1. e4 d5 2. exd5 Qxd5 3. Nc3 Qd6 4. d4 Nf6 5. Nf3 c6 6. Ne5 Nbd7 7. Bf4 Nxe5 8. dxe5 Qxd1+ 9. Rxd1 Nh5 10. Be3 g6 11. Be2 Ng7 12. f4 Nf5 13. Bf2 h5 14. Ne4 Bg7 15.
c3 O-O 16. Kd2 Be6 17. b3 Bd5 18. Bd3 f6 19. exf6 exf6 20. c4 Bf7 21. Kc2 b6 22.
g3 Rad8 23. h3 Nd4+ 24. Bxd4 Rxd4 25. g4 hxg4 26. hxg4 Rfd8 27. Be2 Kf8 28. Rxd4 Rxd4 29. Bd3 Be6 30. g5 f5 31. Nf6 Bxf6 32. gxf6 Kf7 33.
Rh7+ Kxf6 34. Rxa7 Rxf4 35. Rc7 c5 36. Rc6 g5 37.
Rxb6 g4 38. Be2 g3 39. Rd6 Rf2 40. Rd2 g2 41. Rd1 Rxe2+ 42. Kd3 Rxa2 43. Rg1 f4 44. Ke4 Kg5 45. Kf3 Bg4+ 46. Ke4 f3 47. b4 cxb4 48. c5 Rc2 49. Kd5 Kf4 50. c6 Kg3 0-1

[Event "*** Titled Tuesday Blitz"]
[Site "Chess.com"]
[Date "2021.04.27"]
[Round "1"]
[White "rynos0411"]
[Black "ChampStan"]
[Result "1-0"]
[WhiteElo "2504"]
[BlackElo "2094"]
[TimeControl "180+1"]
[EndTime "10:07:51 PDT"]
[Termination "rynos0411 won by resignation"]

1. d4 Nf6 2. c4 e6 3. Nf3 Bb4+ 4. Bd2 Qe7 5. a3 Bxd2+ 6. Qxd2 O-O 7. Nc3 d5 8. cxd5 exd5 9. e3 b6 10. Be2 Bb7 11.
O-O c6 12. Qc2 Na6 13. Ne5 Nc7 14. Rac1 c5 15. Na4 Rac8 16. Nf3 Ne6 17. dxc5 bxc5 18. Rfd1 d4 19. Bc4 Bxf3 20. gxf3 Ng5 21. Qf5 Nh5 22. Kh1 g6 23. Qg4 dxe3 24. Re1 Qf6 25. Rxe3 Nf4 26. Nc3 Ngh3 27. Rf1 h5 28. Qg3 Rcd8 29.
Ne4 Qd4 30. Rc3 Kg7 31. Bb3 Rfe8 32. Ng5 Re7 33. Nxh3 Nxh3 34. Qxh3 Re2 35. Qg3 Rde8 36.
Re3 R8xe3 37. fxe3 Qxe3 38. Bd5 Rxb2 39. Be4 Qd2 40.
f4 c4 41. f5 g5 42. h4 g4 43. f6+ Kh6 44. Qf4+ Qxf4 45. Rxf4 c3 46. Rf5 c2 47. Bxc2 Rb1+ 48. Bxb1 1-0

[Event "*** Titled Tuesday Blitz"]
[Site "Chess.com"]
[Date "2021.04.27"]
[Round "1"]
[White "AEMEffi"]
[Black "Nikolaj_6"]
[Result "0-1"]
[WhiteElo "2319"]
[BlackElo "2655"]
[TimeControl "180+1"]
[EndTime "10:07:52 PDT"]
[Termination "Nikolaj_6 won by resignation"]

1. d4 Nf6 2. c4 e6 3. g3 c5 4. d5 exd5 5. cxd5 d6 6. Nc3 g6 7. Bg2 Bg7 8. Nf3 O-O 9. O-O Re8 10. Bf4 a6 11. a4 Nh5 12. Bg5 Qc7 13. Qd2 Nd7 14.
Bh6 Bh8 15. Rfe1 Ndf6 16. h3 Ne4 17. Nxe4 Rxe4 18. Ng5 Rb4 19. g4 Nf6 20. Qe3 Qd8 21.
b3 Bxg4 22. hxg4 Nxg4 23. Qh3 Bxa1 24. Rxa1 Qf6 25. Rf1 Nxh6 26. Qxh6 Qg7 27. Qh3 Re8 28. e4 h6 29. Qd7 Qf8 30. Nh3 Qe7 31. Qg4 Rxb3 32. Nf4 Qg5 33. Qd7 Rxe4 34. Ne6 fxe6 35. Qe8+ Kg7 36. Qd7+ Kf8 37. Qxd6+ Qe7 38. Qxe7+ Kxe7 39.
Bxe4 Rb4 40. Bxg6 Rg4+ 41. Kh2 Rxg6 42. Re1 Kd6 43. dxe6 Rxe6 44. Rb1 Kc6 45. Rb2 b5 46. a5 c4 47. Kg3 Kc5 48. f4 c3 49. Rh2 b4 50. f5 Rf6 51. Kf4 b3 52. Ke5 Rf8 53.
f6 b2 54. Rh1 c2 0-1

[Event "*** Titled Tuesday Blitz"]
[Site "Chess.com"]
[Date "2021.04.27"]
[Round "1"]
[White "TengisChess"]
[Black "MalcolmPein"]
[Result "1-0"]
[WhiteElo "2558"]
[BlackElo "2219"]
[TimeControl "180+1"]
[EndTime "10:07:54 PDT"]
[Termination "TengisChess won on time"]

1. d4 Nf6 2. Nf3 g6 3. Nc3 Bg7 4. Bg5 O-O 5. Qd2 c5 6. dxc5 Na6 7. Bh6 Nxc5 8. Bxg7 Kxg7 9. h4 h5 10. O-O-O Qa5 11. Kb1 b5 12. Ng5 Bb7 13. Qd4 b4 14. e4 bxc3 15. e5 Nfe4 16. e6+ f6 17. b4 Qb6 18. Ka1 Nxe6 19. Nxe6+ dxe6 20. Qc4 Bd5 21. Qe2 Qxb4 22. Rb1 Qa3 23. Rb3 Nd2 24. Rxa3 Rfb8 25.
Qd1 Rb2 26. Bd3 Rab8 27. Qc1 R8b7 28. Rd1 e5 29. f3 Bf7 30. Ba6 R7b6 31. Bd3 Rb7 32.
Be4 Rd7 33. Bc6 Rc7 34. Ba4 Rcb7 35. Bb3 Bxb3 36. axb3 Rd7 37. b4 Kf7 38. Rxc3 Rxb4 39. Rxd2 Ra4+ 40. Kb2 Rb7+ 41. Rb3 Rab4 42. Rd3 a5 43.
Qa1 a4 44. Rxb4 Rxb4+ 45. Kc1 Rb7 46. Qxa4 Rc7 47. Qb3+ 1-0

[Event "*** Titled Tuesday Blitz"]
[Site "Chess.com"]
[Date "2021.04.27"]
[Round "1"]
[White "mamey78"]
[Black "gxbg2000"]
[Result "1-0"]
[WhiteElo "2484"]
[BlackElo "1950"]
[TimeControl "180+1"]
[EndTime "10:07:54 PDT"]
[Termination "mamey78 won on time"]

1. e4 e5 2. Nf3 Nc6 3. Bb5 d6 4.
c3 a6 5. Ba4 Bd7 6. d4 exd4 7.
cxd4 Nf6 8. Nc3 Be7 9. O-O h6 10. h3 O-O 11. Re1 Re8 12. Bc2 Bf8 13. a3 b5 14. Bf4 Qc8 15. Qd3 g6 16. Qd2 b4 17.
Nd5 Nxd5 18. exd5 Ne7 19. Bxh6 Nxd5 20. Bxf8 Rxf8 21. Qh6 Nf6 22. Ng5 Bf5 23. Bb3 d5 24. Bxd5 Qd7 25. Bxa8 Rxa8 26. Rad1 Re8 27. axb4 Rxe1+ 28. Rxe1 c6 29. Re3 Qd8 30. Re5 Qf8 31. Qxf8+ Kxf8 32. Rc5 Bd7 33. Nf3 Ke7 34. Ne5 Be8 35. Nxc6+ Kd6 36.
Ne5 Ne4 37. Rc8 Bb5 38. Rd8+ Ke7 39. Ra8 g5 40. Rxa6 Bxa6 41. f3 Nd6 42. Kf2 f6 43.
Ng4 Ke6 44. g3 f5 45. Ne3 Nc4 46. d5+ Ke5 47. h4 Nxe3 48. Kxe3 gxh4 49. gxh4 f4+ 50.
Kf2 Kxd5 51. h5 1-0

[Event "*** Titled Tuesday Blitz"]
[Site "Chess.com"]
[Date "2021.04.27"]
[Round "1"]
[White "SchmakAttack"]
[Black "Mili_Brizzi"]
[Result "1-0"]
[WhiteElo "2622"]
[BlackElo "2291"]
[TimeControl "180+1"]
[EndTime "10:07:55 PDT"]
[Termination "SchmakAttack won on time"]

1. c4 c6 2. e3 d5 3. b3 Nf6 4. Bb2 Bf5 5. Nf3 Nbd7 6. Be2 e6 7. O-O Be7 8. d3 O-O 9. Nh4 Bg6 10. Nd2 a5 11. a3 b5 12. Nxg6 hxg6 13. Nf3 Qb6 14.
Rb1 Rac8 15. Qd2 Rfd8 16. Rfc1 b4 17. a4 Nc5 18. Qc2 Qb7 19. Ne5 Nfd7 20. Nxd7 Nxd7 21. d4 c5 22. cxd5 Qxd5 23. Ba6 Ra8 24. Bc4 Qh5 25. dxc5 Nxc5 26. Rd1 Rdc8 27. h3 Qg5 28. Rbc1 Bf6 29. Bd4 Nb7 30. Qe2 Bxd4 31. Rxd4 Nc5 32. Rcd1 Qf6 33. Rd6 Qc3 34. Qf3 Nxb3 35. Rd7 Rf8 36.
Rxf7 Rxf7 37. Bxe6 Rf8 38. Bxf7+ Rxf7 39. Rd8+ Kh7 40.
Qxf7 Qc1+ 41. Kh2 Nd2 42. Qg8+ Kh6 43. Qh8+ Kg5 44. Rd5+ Kf6 45. Qf8+ Ke6 46. Qg8+ Kf6 47. Qd8+ Ke6 48. Rd6+ Kf5 49. Qf8+ Kg5 50. Qf4+ Kh5 51. Rd5+ 1-0

[Event "*** Titled Tuesday Blitz"]
[Site "Chess.com"]
[Date "2021.04.27"]
[Round "1"]
[White "Redbandit87"]
[Black "miragha_yev"]
[Result "0-1"]
[WhiteElo "2390"]
[BlackElo "2725"]
[TimeControl "180+1"]
[EndTime "10:07:57 PDT"]
[Termination "miragha_yev won by resignation"]

1. d4 Nf6 2. Bf4 d5 3. e3 c5 4. c3 Nc6 5. Nd2 e6 6. Bd3 Bd6 7. Bxd6 Qxd6 8. f4 Bd7 9. a3 Ne7 10. Ngf3 Qb6 11. b4 c4 12. Bc2 Ng4 13. Qe2 Nf5 14.
Bxf5 exf5 15. a4 O-O 16. h3 Nf6 17. Ne5 Qe6 18. O-O Ne8 19. Rfe1 f6 20. Nef3 Nd6 21. Nf1 a5 22. b5 Rfe8 23. Ra2 Re7 24. N3d2 Be8 25.
Qf3 Bf7 26. Kh2 Qd7 27. Nb1 Qe8 28. g4 fxg4 29. hxg4 f5 30. Rg2 fxg4 31. Qxg4 Be6 32.
Qf3 Bf5 33. Nbd2 Ne4 34. Rc1 Re6 35. Ng3 Nxg3 36. Rxg3 Qe7 37. Qxd5 Qh4+ 38. Kg2 Rf8 39. Rh1 Qf6 40. e4 Bg6 41. f5 Bxf5 42. exf5 Qxf5 43. Qxf5 Rxf5 44. Nf3 Re2+ 45. Kh3 Re3 46. Kg4 Rf6 47. Rf1 Rxc3 48. Nd2 Rxg3+ 49. Kxg3 Rg6+ 50. Kf3 c3 51. Ne4 Rh6 52. Ke3 Rh3+ 53. Rf3 Rxf3+ 54. Kxf3 c2 55. d5 c1=Q 56. d6 Qd1+ 57. Kf4 Qd5 58. Ke3 Kf7 59. Kf4 Ke6 60. b6 Qe5+ 61. Kf3 Kd5 62.
Nc3+ Qxc3+ 0-1

[Event "*** Titled Tuesday Blitz"]
[Site "Chess.com"]
[Date "2021.04.27"]
[Round "1"]
[White "Orest_Vovk"]
[Black "Leonid_Starozhilov"]
[Result "1-0"]
[WhiteElo "2371"]
[BlackElo "2670"]
[TimeControl "180+1"]
[EndTime "10:07:57 PDT"]
[Termination "Orest_Vovk won on time"]

1. h3 d5 2. e4 dxe4 3. Nc3 Nf6 4. Qe2 Nc6 5. Nxe4 e5 6. Nf3 Bd6 7. d3 Nd5 8. Nxd6+ cxd6 9. g3 O-O 10. Bg2 Nf6 11.
O-O h6 12. Bd2 Re8 13. Bc3 Be6 14. Nd2 Bd5 15. Ne4 Nxe4 16. dxe4 Be6 17. f4 f6 18. Rad1 Qc7 19. f5 Bf7 20. g4 Qb6+ 21. Qf2 Rad8 22. Qxb6 axb6 23. Rf2 Kf8 24. Rfd2 Ke7 25. Bf1 Rd7 26.
Bb5 Red8 27. a3 d5 28. exd5 Rxd5 29. Rxd5 Rxd5 30. Rxd5 Bxd5 31. Kf2 Be4 32. Ba4 Bd5 33.
Bd2 Kf7 34. Be3 h5 35. Bxb6 hxg4 36. hxg4 g6 37. fxg6+ Kxg6 38. Be3 Be4 39. c3 Bd5 40. b4 Bc4 41. Bc2+ Kf7 42. a4 Ne7 43. g5 f5 44. Bc5 f4 45. Be4 Nd5 46. Kf3 Nxc3 47. Bxb7 Be2+ 48. Kf2 1-0

[Event "*** Titled Tuesday Blitz"]
[Site "Chess.com"]
[Date "2021.04.27"]
[Round "1"]
[White "Piotrek1979"]
[Black "BahadirOzen"]
[Result "0-1"]
[WhiteElo "2345"]
[BlackElo "2677"]
[TimeControl "180+1"]
[EndTime "10:07:57 PDT"]
[Termination "BahadirOzen won by resignation"]

1. e4 g6 2. Nf3 d6 3. d4 Nf6 4. Nc3 Bg7 5. Be2 O-O 6. O-O e6 7. Re1 Nc6 8. d5 exd5 9. exd5 Ne7 10. h3 a6 11. a4 b6 12. Bf4 h6 13. Qd2 Kh7 14.
Nd4 Bb7 15. Bf3 Qd7 16. Nde2 Rfe8 17. Ng3 Neg8 18. h4 Rxe1+ 19. Rxe1 Re8 20. Rxe8 Qxe8 21. h5 Ne7 22. Qd3 Kg8 23. hxg6 fxg6 24. Qe3 g5 25. Qe6+ Qf7 26. Bxd6 cxd6 27. Qxd6 Nfxd5 28. Nxd5 Bxd5 29. Bxd5 Nxd5 30. Ne4 Nf6 31. Nxf6+ Qxf6 32. Qd5+ Kh8 33. Qa8+ Kh7 34. Qxa6 Qxb2 35. Qd3+ Kg8 36. Qd8+ Bf8 37. Qd5+ Kg7 38. c4 Qf6 39. Qd7+ Qe7 40. Qd4+ Kg8 41.
Qxb6 Qe1+ 42. Kh2 Qe5+ 43. g3 Bc5 44. Qg6+ Kf8 45. Qxh6+ Kf7 46. Qh7+ Kf8 47. Qh6+ Ke8 48. Qg6+ Ke7 49. Qh7+ Kd8 50. Qg8+ Kc7 51. Kg2 Qe4+ 52.
Kh3 g4+ 53. Kh4 Be7+ 54. Kh5 Qf5+ 55. Kh6 Bf8+ 56. Qxf8 Qxf8+ 57. Kg5 Qf3 0-1